 Dungeon Crawl Stone Soup version 0.29.1-13-g9f3cf754e1 (webtiles) character file.

Game seed: 16576469716672469537

585 EarthwalkerPL the Covered (level 7, 0/63 HPs)
             Began as a Minotaur Fighter on Jan 22, 2023.
             Killed by divine providence
             ... invoked by an orc priest
              (13 damage)
             ... on level 4 of the Dungeon.
             The game lasted 00:05:37 (3650 turns).

EarthwalkerPL the Covered (Minotaur Fighter)        Turns: 3650, Time: 00:05:37

Health: 0/63       AC: 12    Str: 23    XL:     7   Next: 14%
Magic:  6/6        EV:  8    Int:  5    God:
Gold:   185        SH:  8    Dex:  9    Spells: 6/6 levels left

rFire   . . .      SeeInvis .   a - +0 war axe
rCold   . . .      Faith    .   A - +0 kite shield
rNeg    . . .      Spirit   .   b - +0 scale mail
rPois   .          Reflect  .   (helmet restricted)
rElec   .          Harm     .   w - +0 cloak
rCorr   .          Rampage  .   p - +0 pair of gloves
Will    .....                   v - +1 pair of boots {Stlth+}
Stlth   +.........              (no amulet)
HPRegen 0.20/turn               (no ring)
MPRegen 0.10/turn               (no ring)

@: no status effects
A: horns 2, retaliatory headbutt
a: no special abilities


You were on level 4 of the Dungeon.
You visited 1 branch of the dungeon, and saw 4 of its levels.

You collected 185 gold pieces.

Inventory:

Hand Weapons
 a - a +0 war axe (weapon)
Missiles
 q - a throwing net
 u - 6 boomerangs (quivered)
Armour
 b - a +0 scale mail (worn)
 c - a +0 buckler
 p - a +0 pair of gloves (worn)
 v - a +1 pair of boots of stealth (worn)
 w - a +0 cloak (worn)
 A - a +0 kite shield (worn)
Scrolls
 e - 3 scrolls of poison {unknown}
 g - 2 scrolls of summoning {unknown}
 i - a scroll of fear {unknown}
 j - a scroll of immolation {unknown}
 l - a scroll of butterflies {unknown}
 m - a scroll of amnesia {unknown}
 o - a scroll of enchant armour {unknown}
 r - a scroll of teleportation {unknown}
 s - 3 scrolls of identify {unknown}
 t - a scroll of blinking {unknown}
 y - a scroll of noise {unknown}
Potions
 d - 2 potions of might
 f - 5 potions of curing {unknown}
 h - a potion of resistance {unknown}
 k - a potion of ambrosia {unknown}
 n - 2 potions of mutation {unknown}
 x - a potion of degeneration {unknown}
 z - a potion of heal wounds {unknown}


   Skills:
 * Level 6.0 Fighting
 * Level 5.4 Axes
 * Level 6.1 Armour
 + Level 5.0 Shields


You had 6 spell levels left.
You didn't know any spells.
Your spell library contained the following spells:

 Spells                   Type           Power      Damage    Failure   Level
 Apportation              Tloc           0%         N/A       98%         1
 Necrotise                Necr           0%         1d4       98%         1
 Sandblast                Erth           0%         2d4       98%         1
 Summon Small Mammal      Summ           0%         N/A       98%         1
 Passwall                 Tmut/Erth      0%         N/A       99%         2
 Call Canine Familiar     Summ           0%         N/A       100%        3
 Dazzling Flash           Conj/Hex       0%         N/A       100%        3
 Portal Projectile        Hex/Tloc       0%         N/A       100%        3
 Stone Arrow              Conj/Erth      0%         3d7       100%        3
 Summon Guardian Golem    Hex/Summ       0%         N/A       100%        3
 Tukima's Dance           Hex            0%         N/A       100%        3
 Blade Hands              Tmut           0%         N/A       100%        5
 Irradiate                Conj/Tmut      0%         3d11      100%        5
 Lehudib's Crystal Spear  Conj/Erth      0%         10d2      100%        8


Dungeon Overview and Level Annotations

Branches:
Dungeon (4/15)
 Temple: D:4-7

Altars:
Fedhas

Shops:
D:4 ((***


Innate Abilities, Weirdness & Mutations

You have a pair of horns on your head.
You reflexively headbutt those who attack you in melee.


Message History

The jackal bites you but does no damage.
The jackal barks!
The jackal closely misses you. You block the orc wizard's attack.
The jackal bites you but does no damage.
The jackal attacks as you move away!
The jackal bites you but does no damage.
You block the orc wizard's attack. The jackal closely misses you.
The jackal completely misses you.
The orc priest casts a cantrip, but nothing happens.
The orc wizard gestures wildly while chanting.
The orc wizard flickers and vanishes!
Deactivating autopickup; reactivate with Ctrl-A.
The jackal bites you. The jackal attacks as you move away!
The jackal closely misses you.
The orc priest calls down the wrath of Beogh upon you.
Beogh smites you!
* * * LOW HITPOINT WARNING * * *
The jackal bites you but does no damage.
The jackal attacks as you move away! The jackal bites you.
* * * LOW HITPOINT WARNING * * *
You block the jackal's attack. x2
The orc attacks as you move away! The orc hits you but does no damage.
The hobgoblin hits you but does no damage.
The orc attacks as you move away! The orc completely misses you.
You furiously retaliate!
You headbutt the orc, but do no damage. The jackal attacks as you move away!
The jackal bites you but does no damage.
You block the jackal's attack.
The jackal bites you but does no damage.
The jackal attacks as you move away! The jackal barely misses you.
The orc throws a boomerang.
The boomerang hits you but does no damage.
You block the jackal's attack. The jackal attacks as you move away!
The jackal misses you. The hobgoblin attacks as you move away!
The hobgoblin hits you but does no damage.
The adder attacks as you move away! The adder bites you but does no damage.
The orc priest mumbles some strange prayers to Beogh against you.
Beogh smites you!
You die...

#.......♣.♣.♣.♣.##
#................#
#...........#......
#..........#######..
##.........# ..
#........##
#.......## ####
##..#####
....####.@#
#......hg####
####..h.S.#..#
###og...>...#
#..g.......=#
#o..hhg......
#............
#............
#............


You could see an orc priest, 3 gnolls, an adder, an orc, 4 jackals and a
hobgoblin.

Vanquished Creatures
  Menkaure (D:4)
  A water moccasin (D:4)
  A scorpion (D:4)
  A hound (D:3)
  A jelly (D:2)
  Crazy Yiuf (D:3)
  Ijyb (D:3)
  Robin (D:4)
  3 gnolls (D:2)
  5 adders
  2 worms (D:3)
  6 dart slugs
  10 orcs
  9 ball pythons
  3 bats
  An endoplasm (D:4)
  12 goblins
  3 hobgoblins
  3 jackals (D:3)
  7 kobolds
  2 quokkas
  3 frilled lizards
  3 rats
80 creatures vanquished.

Vanquished Creatures (others)
  3 fungi (D:3)
3 creatures vanquished.

Grand Total: 83 creatures vanquished

Notes
Turn   | Place    | Note
-------+----------+-------------------------------------------
     0 | D:1      | EarthwalkerPL the Minotaur Fighter began the quest for the
                  | Orb.
     0 | D:1      | Reached XP level 1. HP: 19/19 MP: 0/0
   260 | D:1      | Reached XP level 2. HP: 27/27 MP: 1/1
   717 | D:1      | You fall into a shaft and drop 1 floor!
   731 | D:2      | Reached XP level 3. HP: 25/33 MP: 2/2
   970 | D:2      | Reached XP level 4. HP: 41/41 MP: 3/3
  1891 | D:3      | Reached XP level 5. HP: 45/47 MP: 4/4
  1908 | D:3      | Got the Almanac of Blasting
  1956 | D:3      | Noticed Ijyb
  2017 | D:3      | Killed Ijyb
  2018 | D:3      | Reached skill level 5 in Fighting
  2018 | D:3      | Reached skill level 5 in Armour
  2166 | D:3      | Found a blossoming altar of Fedhas.
  2581 | D:3      | Found a runed translucent door.
  2582 | D:3      | Noticed Crazy Yiuf
  2725 | D:3      | Killed Crazy Yiuf
  2996 | D:4      | Noticed a water moccasin
  3006 | D:4      | Killed a water moccasin
  3007 | D:4      | Reached XP level 6. HP: 35/56 MP: 5/5
  3132 | D:4      | Noticed Menkaure
  3153 | D:4      | Reached skill level 5 in Axes
  3159 | D:4      | Killed Menkaure
  3160 | D:4      | Reached skill level 5 in Shields
  3160 | D:4      | Reached XP level 7. HP: 47/62 MP: 6/6
  3504 | D:4      | Noticed Robin
  3522 | D:4      | Killed Robin
  3572 | D:4      | Found Qoboth's General Store.
  3575 | D:4      | Found Xopiobu's Weapon Shop.
  3576 | D:4      | Found Jodd's General Store.
  3577 | D:4      | Found Binow's General Store.
  3616 | D:4      | Found Adeas's Antique Weapon Emporium.
  3650 | D:4      | Killed from afar by an orc priest

Illustrated notes

Levels and vault maps discovered:
D:1:      dpeg_arrival_boxes_within_box, layout_loops_ring, serial_bayou_pond_e
D:2:      wander_river, layout_loops_corners
D:3:      layout_basic, mainiacjoe_overflow_alcove_4, roderic_three_in_a_row,
          uniq_crazy_yiuf_cottage, uniq_ijyb
D:4:      layout_cave_pods, lemuel_crystal_altar, serial_shops, shop,
          minmay_shop_grid_forest, uniq_menkaure, uniq_robin

Skill      XL: |  1  2  3  4  5  6  7 |
---------------+----------------------+-----
Armour         | 4 5 6 |  6.1
Fighting       | 4 5 6 |  6.0
Axes           | 3 4 5 |  5.4
Shields        | 4 5 |  5.0

Action                   |  1- 3 |  4- 6 |  7- 9 || total
-------------------------+-------+-------+-------++-------
Melee: War axe           |    38 |    87 |    34 ||   159
       Headbutt          |     6 |    15 |     1 ||    22
       Unarmed           |       |    10 |       ||    10
Throw: Boomerang         |       |     3 |       ||     3
Armor: Scale mail        |    17 |    35 |    30 ||    82
       Skin              |       |     3 |       ||     3
Dodge: Dodged            |    21 |    57 |    19 ||    97
Block: Buckler           |    10 |    27 |     6 ||    43
       Kite shield       |       |       |    11 ||    11
